Map: Orbital Shipyard

Players

AAABattery

  • Race: Terran Terran
  • League: Platinum

Grumm - Winner!

  • Race: Protoss Protoss
  • League: Gold

VOD

Have the link to the VOD?

Description

Time

  • Played on: Jan. 13, 2016, 12:42 a.m.
  • Length: 4:49
Show
View Real Time Build Order
Export as new Build Order

AAABattery Terran 

Build Orders:  

Get SALT Encoding   

  12  0:01  SCV  
  13  0:13  SCV  
  14  0:19  Supply Depot  
  14  0:25  SCV  
  15  0:40  SCV  
  15  0:42  Barracks  
  16  0:53  Barracks  
  16  1:04  Barracks  
  16  1:16  Barracks  
  16  1:29  Barracks  
  16  1:34  Marine  
  17  1:41  Marine  
  18  1:52  Supply Depot  
  18  1:53  Marine  
  19  1:54  Marine  
  19  1:59  Marine  
  21  2:06  Marine  
  22  2:11  Marine  
  22  2:13  Marine  
  24  2:16  Marine  
  24  2:20  Marine  
  26  2:27  Supply Depot  
  26  2:29  Marine  
  26  2:35  Marine  
  26  2:36  Marine  
  29  2:40  Marine  
  29  2:43  Marine  
  31  2:49  Marine  
  32  2:53  Marine  
  32  2:58  Supply Depot  
  33  3:02  Marine  
  33  3:04  Marine  
  35  3:09  Marine  
  35  3:11  Marine  
  37  3:14  Marine  
  38  3:20  Marine  
  32  3:38  Marine x2  
  32  3:39  Marine x3  
  35  3:56  Marine x3  
  35  3:57  Marine  
  34  4:06  Marine  
  35  4:14  Marine  
  35  4:18  Marine x2  
  35  4:19  Marine  
  35  4:23  Marine  
Show
View Real Time Build Order
Export as new Build Order

Grumm Protoss - Winner!

Build Orders:  

Get SALT Encoding   

  12  0:01  Probe (Chrono Boost)  
  13  0:11  Probe (Chrono Boost)  
  14  0:19  Pylon  
  14  0:23  Probe (Chrono Boost)  
  15  0:35  Assimilator  
  15  0:42  Gateway  
  15  0:45  Probe (Chrono Boost)  
  16  0:56  Probe (Chrono Boost)  
  17  1:06  Probe (Chrono Boost)  
  18  1:17  Probe (Chrono Boost)  
  19  1:26  Forge  
  19  1:29  Pylon  
  19  1:33  Cybernetics Core  
  19  1:43  Probe (Chrono Boost)  
  20  1:58  Gateway  
  20  2:01  Photon Cannon  
  20  2:14  Warp Gate (Chrono Boost)  
  20  2:16  Protoss Ground Armor Level 1  
  20  2:18  Probe  
  21  2:23  Assimilator  
  21  2:28  Pylon  
  21  2:33  Mothership Core  
  23  2:39  Zealot  
  25  2:45  Adept  
  27  2:59  Pylon  
  27  3:14  Stalker  
  27  3:15  Zealot  
  31  3:20  Photon Cannon  
  31  3:57  Photon Cannon  
  31  4:02  Photon Cannon  
  27  4:05  Zealot  
  27  4:06  Zealot  
  27  4:09  Nexus  
  31  4:25  Pylon  
Tags
 
Add a new tag
Caveats
  • Supply blocks, unpowered buildings, or Contaminate may cause inaccurate times.
  • Supply counts are checked every 10 seconds.